 Dungeon Crawl Stone Soup version 0.23.2-1-ga50397a (webtiles) character file.

Game seed: 11892562299306568366

3645 sankara the Slasher (level 10, -2/66 HPs)
             Began as a Halfling Fighter on May 30, 2019.
             Was a Priest of Okawaru.
             Slain by Erica
             ... wielding a +4 scimitar of flaming
              (9 damage)
             ... on level 8 of the Dungeon.
             The game lasted 00:40:12 (7012 turns).

sankara the Slasher (Halfling Fighter)              Turns: 7012, Time: 00:40:13

Health: -2/66      AC: 17    Str: 20 (23) XL:     10   Next: 33%
Magic:  12/12      EV: 12    Int:  5 (6)  God:    Okawaru [***...]
Gold:   450        SH:  0    Dex: 14 (17) Spells: 7/9 levels left

rFire    . . .     SeeInvis .   a - +0 long sword
rCold    . . .     Gourm    .   l - +0 shield
rNeg     . . .     Faith    .   N - +5 scale mail "Ruwaacs" {rCorr}
rPois    +         Spirit   .   (no helmet)
rElec    .         Reflect  .   (no cloak)
rCorr    +         Harm     .   z - +2 pair of gloves
MR       .....                  k - +0 pair of boots
Stlth    ..........             x - amulet of regeneration {+regen, !d}
HPRegen  0.61/turn              B - ring of poison resistance {rPois, !d}
MPRegen  0.13/turn              q - ring of wizardry {Wiz+, !d}

@: confused, mighty, flying, slowed, very slow
A: small, mutation resistance 1
a: Heroism, Renounce Religion


You were on level 8 of the Dungeon.
You worshipped Okawaru.
Okawaru was most pleased with you.
You were not hungry.

You visited 2 branches of the dungeon, and saw 9 of its levels.

You collected 499 gold pieces.
You spent 49 gold pieces at shops.

Inventory:

Hand Weapons
 a - a +0 long sword (weapon)
 b - a +1 hunting sling of flaming
   (You found it on level 2 of the Dungeon)
 c - a +2 dagger of speed
   (You took it off an orc wizard on level 6 of the Dungeon)
 d - a +1 short sword of electrocution
   (You took it off a big kobold on level 8 of the Dungeon)
Missiles
 h - 238 stones (quivered)
 w - 56 sling bullets
 H - 14 poisoned needles
Armour
 k - a +0 pair of boots (worn)
   (You found it on level 1 of the Dungeon)
 l - a +0 shield (worn)
 z - a +2 pair of gloves (worn)
   (You found it on level 2 of the Dungeon)
 N - the +5 scale mail "Ruwaacs" (worn) {rCorr}
   (You found it on level 7 of the Dungeon)

   It provides partial protection from all sources of acid and corrosion.
 O - a +2 ring mail of cold resistance
   (You found it on level 8 of the Dungeon)
Jewellery
 q - a ring of wizardry (right hand) {Wiz+, !d}
   (You found it on level 3 of the Dungeon)
 x - an amulet of regeneration (around neck) {+regen, !d}
   (You found it on level 4 of the Dungeon)
 B - a ring of poison resistance (left hand) {rPois, !d}
   (You found it on level 3 of the Dungeon)
 C - an uncursed ring of fire {rF+, rC-}
   (You found it on level 3 of the Dungeon)
 E - an uncursed ring of wizardry {Wiz+, !d}
   (You found it on level 2 of the Dungeon)
 G - an uncursed amulet of magic regeneration
   (You found it on level 2 of the Dungeon)
 M - an uncursed ring of teleportation {+/*tele, !d}
   (You found it on level 7 of the Dungeon)
Wands
 u - a wand of flame (17)
   (You found it on level 4 of the Dungeon)
 D - a wand of iceblast (13)
   (You took it off Ijyb on level 3 of the Dungeon)
Scrolls
 e - 8 scrolls of blinking {unknown}
 m - 8 scrolls of identify {unknown}
 n - 10 scrolls of enchant armour
 p - 8 scrolls of remove curse
 r - 5 scrolls of magic mapping {!r}
 t - 3 scrolls of noise {unknown}
 y - 5 scrolls of teleportation {unknown}
 I - a scroll of immolation {unknown}
 K - a scroll of random uselessness {unknown}
Potions
 g - 4 potions of degeneration {!q}
 i - a potion of haste
 o - 2 potions of heal wounds
 s - 2 potions of flight
 v - a potion of lignification {!q}
 A - 4 potions of might
 F - 4 potions of curing
 J - a potion of mutation {unknown}
 L - a potion of agility {unknown}
 P - a potion of ambrosia {unknown}
Comestibles
 f - 13 rations
 j - 2 chunks of flesh {@w0}


   Skills:
 - Level 5.0 Fighting
 * Level 7.8 Long Blades
 + Level 7.1 Slings
 + Level 6.6 Armour
 + Level 3.4 Dodging
 - Level 5.0 Stealth
 + Level 6.6 Shields
 + Level 3.0 Invocations


You had 7 spell levels left.
You knew the following spells:

 Your Spells              Type           Power        Failure   Level  Hunger
a - Swiftness             Chrm/Air       #.......     95%         2    ###....

Your spell library contained the following spells:

 Spells                   Type           Power        Failure   Level  Hunger
 Shock                    Conj/Air       #...         88%         1    ##.....
 Static Discharge         Conj/Air       #.......     99%         3    ####...
 Airstrike                Air            #.........   100%        4    #####..
 Lightning Bolt           Conj/Air       #.........   100%        5    ######.


Dungeon Overview and Level Annotations

Branches:
Dungeon (8/15)             Temple (1/1) D:5
   Lair: D:8-11

Altars:
Ashenzari
Cheibriados
Dithmenos
Elyvilon
Fedhas
Gozag
Hepliaklqana
Kikubaaqudgha
Makhleb
Nemelex Xobeh
Okawaru
Qazlal
Ru
Sif Muna
Trog
Uskayaw
Vehumet
Wu Jian
Xom
Yredelemnul
Zin
The Shining One

Shops:
D:8 *

Annotations:
D:3 2 transporters
D:4 2 transporters, ThisFiasco's ghost, amateur DsGl
D:8 Erica


Innate Abilities, Weirdness & Mutations

You are small and have problems with some larger weapons.
You are somewhat resistant to further mutation.


Message History

Something burns you.
Your shield and scale mail "Ruwaacs" prevent you from hitting something.
You feel like a meek peon again. You block the hound's attack.
The sky beast closely misses you.
You riposte.
You hit the sky beast.
The sky beast is lightly wounded.
Something hits you. Something burns you.
The hound bites you but does no damage.
The sky beast hits you but does no damage.
You closely miss something. The hound bites you but does no damage.
Something hits you! Something burns you! You block the hound's attack.
The sky beast hits you but does no damage.
Okay, then.
You gain the combat prowess of a mighty hero.
The hound barely misses you. You block something's attack.
The sky beast barely misses you.
You riposte.
You slash the sky beast!
The sky beast is heavily wounded.
The hound bites you but does no damage. You block the sky beast's attack.
Something hits you but does no damage. You block the hound's attack.
You feel very mighty all of a sudden. The hound completely misses you.
You block the sky beast's attack. Something hits you but does no damage.
The hound barely misses you.
You riposte.
You hit the hound.
The hound is moderately wounded.
You closely miss something. You block the hound's attack.
The sky beast hits you. The sky beast shocks you.
Something hits you but does no damage. You block the hound's attack.
The sky beast flickers out of sight!
You block something's attack.
You hit something. You block the hound's attack.
Something hits you but does no damage. x2
You miss something. The hound bites you but does no damage.
You block the hound's attack.
You hear some strange, mumbled words.
You are confused.
Something hits you but does no damage.
You completely miss something. The hound bites you but does no damage.
Something hits you! Something burns you. Something closely misses you.
The hound bites you. The hound bites you but does no damage.
Something hits you but does no damage. The hound barely misses you.
Something hits you but does no damage.
You're too confused to move!
The hound closely misses you. Something hits you but does no damage.
The hound bites you but does no damage.
Something hits you but does no damage. x2
The hound bites you but does no damage.
You closely miss the hound.
The hound is moderately wounded.
The hound closely misses you. Something hits you but does no damage.
You hear some strange, mumbled words.
A bolt of poison appears from out of thin air!
The bolt of poison hits you but does no damage.
You resist.
You slash the hound!
You kill the hound!
Okawaru accepts your kill.
Your Invocations skill increases to level 3!
You feel less confused.
You feel like a meek peon again. Something hits you. Something shocks you.
* * * LOW HITPOINT WARNING * * *
You block something's attack. Something hits you but does no damage.
Your shield and scale mail "Ruwaacs" prevent you from hitting something.
Something hits you.
* * * LOW HITPOINT WARNING * * *
Something burns you.
* * * LOW HITPOINT WARNING * * *
Something hits you but does no damage.
It was a potion of degeneration.
There was something very wrong with that liquid.
You feel weakened.
You feel dopey.
You feel clumsy. Something hits you!
* * * LOW HITPOINT WARNING * * *
Something burns you.
* * * LOW HITPOINT WARNING * * *
Something hits you but does no damage. x2
You hear some strange, mumbled words.
An orb of energy appears from out of thin air!
The orb of energy misses you.
The orb of energy explodes!
The mystic blast hits something!!
Reactivating autopickup.
You feel a bit more experienced.
You hear a shout! x12
It was a potion of flight.
You feel very buoyant.
You fly up into the air.
You hear some strange, mumbled words.
Deactivating autopickup; reactivate with Ctrl-A.
You are confused.
It was a potion of heal wounds.
You feel much better. Something hits you.
* * * LOW HITPOINT WARNING * * *
Something burns you.
* * * LOW HITPOINT WARNING * * *
A big kobold comes into view. It is wielding a +0 short sword.
Okay, then.
You bump into the rock wall.
The big kobold throws a stone.
The stone hits you but does no damage.
You hear some strange, mumbled words.
An orb of energy appears from out of thin air!
The orb of energy hits you!
* * * LOW HITPOINT WARNING * * *
The big kobold throws a stone.
The stone barely misses you. Something hits you!
You die...

#...#........ ..#########...
.##.# #.... .#..# #...# .
.#.## #.#K# .. ...#
#.#.#######... #..#
#.#........... #.>##
###......{......
##.รท#####.......@.......
#..>..#.......##########
..........##.## ##########
...###..####.# ##...##...##
..)# ##.# ##.###..........##
..## #.###..##............#
...####.....###............#
...........................#
#..#.....#...###..........##


You could see a big kobold.

Vanquished Creatures
  A gargoyle (D:7)
  Prince Ribbit (D:7)
  Sigmund (D:3)
  A hungry ghost (D:8)
  2 sky beasts (D:5)
  A necrophage (D:7)
  An orc warrior (D:6)
  An ice beast (D:5)
  3 ogres
  6 centaurs
  A big kobold (D:8)
  A bullfrog (D:6)
  A gnoll sergeant (D:8)
  A scorpion (D:5)
  6 killer bees
  2 howler monkeys
  4 crimson imps
  2 bullfrog zombies
  3 centaur zombies
  7 hounds
  3 orc priests
  A centaur skeleton (D:7)
  Ijyb (D:3)
  3 worker ants
  2 iguanas
  2 orc wizards
  5 gnolls (D:8)
  A howler monkey skeleton (D:5)
  10 adders
  A shadow imp (D:6)
  3 worms
  7 leopard geckos
  6 orcs
  2 ball pythons (D:1)
  5 giant cockroaches
  6 goblins
  6 hobgoblins
  9 jackals
  5 quokkas
  4 bats
  7 frilled lizards
  11 kobolds
  7 rats
153 creatures vanquished.

Vanquished Creatures (others)
  A sky beast (D:8)
1 creature vanquished.

Grand Total: 154 creatures vanquished

Notes
Turn   | Place    | Note
-------+----------+-------------------------------------------
     0 | D:1      | sankara the Halfling Fighter began the quest for the Orb.
     0 | D:1      | Reached XP level 1. HP: 15/15 MP: 1/1
    36 | D:1      | Reached XP level 2. HP: 10/20 MP: 2/2
   534 | D:1      | Reached XP level 3. HP: 25/25 MP: 3/3
   940 | D:2      | You fall through a shaft for 2 floors!
   945 | D:4      | Reached skill level 3 in Fighting
  1056 | D:4      | Reached skill level 3 in Long Blades
  1056 | D:4      | Reached skill level 1 in Slings
  1056 | D:4      | Reached XP level 4. HP: 26/31 MP: 4/4
  1066 | D:4      | Reached XP level 5. HP: 32/36 MP: 5/5
  1232 | D:4      | Reached skill level 4 in Shields
  1257 | D:4      | Reached skill level 4 in Armour
  1261 | D:4      | Reached skill level 2 in Slings
  1261 | D:4      | Reached XP level 6. HP: 23/42 MP: 6/6
  1431 | D:4      | Noticed ThisFiasco's ghost (amateur DsGl)
  1538 | D:4      | Found a hazy altar of Hepliaklqana.
  1623 | D:4      | Found a transporter.
  1647 | D:4      | Found a transporter.
  1909 | D:2      | You fall through a shaft for 2 floors!
  1939 | D:3      | Found a transporter.
  1949 | D:3      | Found a transporter.
  1954 | D:3      | Noticed an ogre
  1963 | D:3      | Killed an ogre
  1963 | D:3      | Reached skill level 4 in Long Blades
  1963 | D:3      | Reached skill level 1 in Stealth
  2155 | D:3      | Noticed Sigmund
  2173 | D:3      | Killed Sigmund
  2173 | D:3      | Reached skill level 3 in Slings
  2173 | D:3      | Reached XP level 7. HP: 38/47 MP: 7/7
  2296 | D:3      | Noticed Ijyb
  2309 | D:3      | Killed Ijyb
  2733 | D:2      | Found a shimmering altar of Xom.
  2734 | D:2      | Found a shimmering altar of Xom.
  2736 | D:2      | Found a shimmering altar of Xom.
  2848 | D:5      | Entered Level 5 of the Dungeon
  2918 | D:5      | Found a staircase to the Ecumenical Temple.
  2956 | D:5      | Reached skill level 2 in Stealth
  3005 | Temple   | Entered the Ecumenical Temple
  3087 | Temple   | Became a worshipper of Warmaster Okawaru
  3292 | D:5      | Reached skill level 4 in Fighting
  3471 | D:5      | Reached skill level 5 in Long Blades
  3471 | D:5      | Reached XP level 8. HP: 29/54 MP: 8/8
  3687 | D:5      | Reached skill level 4 in Slings
  3687 | D:5      | Reached skill level 5 in Armour
  3828 | D:5      | Reached skill level 5 in Shields
  3833 | D:5      | Reached skill level 3 in Stealth
  3858 | D:5      | Reached * piety under Okawaru
  4238 | D:5      | Found an ornate altar of the Wu Jian Council.
  4262 | D:5      | Found a glowing golden altar of the Shining One.
  4385 | D:6      | Reached skill level 5 in Slings
  4488 | D:6      | Reached skill level 6 in Long Blades
  4596 | D:6      | Found a white marble altar of Elyvilon.
  4627 | D:6      | Reached XP level 9. HP: 59/59 MP: 9/9
  4818 | D:6      | Reached skill level 1 in Dodging
  4870 | D:6      | Reached ** piety under Okawaru
  4870 | D:6      | Reached skill level 4 in Stealth
  5157 | D:6      | Found a glowing silver altar of Zin.
  5158 | D:6      | Found an opulent altar of Gozag.
  5357 | D:7      | Reached skill level 2 in Dodging
  5700 | D:7      | Found a transporter.
  5713 | D:7      | Found a deep blue altar of Sif Muna.
  5716 | D:7      | Noticed a gargoyle
  5858 | D:7      | Found a transporter.
  5940 | D:7      | Killed a gargoyle
  5940 | D:7      | Reached skill level 5 in Fighting
  5940 | D:7      | Reached skill level 7 in Long Blades
  5940 | D:7      | Reached skill level 6 in Slings
  5940 | D:7      | Reached skill level 6 in Armour
  5940 | D:7      | Reached skill level 6 in Shields
  5940 | D:7      | Reached skill level 1 in Invocations
  5965 | D:7      | Got an ichor-stained scale mail
  5978 | D:7      | Identified the +5 scale mail "Ruwaacs" {rCorr} (You found
                  | it on level 7 of the Dungeon)
  6067 | D:8      | Noticed Prince Ribbit
  6091 | D:8      | Reached XP level 10. HP: 51/66 MP: 11/11
  6104 | D:8      | Reached skill level 5 in Stealth
  6119 | D:7      | Reached skill level 2 in Invocations
  6446 | D:7      | Killed Prince Ribbit
  6446 | D:7      | Reached skill level 3 in Dodging
  6662 | D:8      | Reached *** piety under Okawaru
  6732 | D:8      | Found Toyrgh's General Store.
  6740 | D:8      | Bought a scroll of magic mapping for 49 gold pieces
  6779 | D:8      | Reached skill level 7 in Slings
  6926 | D:8      | Learned a level 2 spell: Swiftness
  6978 | D:8      | Noticed Erica
  7007 | D:8      | Reached skill level 3 in Invocations
  7007 | D:8      | HP: 15/66 [something (6)]
  7009 | D:8      | HP: 4/66 [something (7)]
  7012 | D:8      | Slain by Erica

Skill      XL: |  1  2  3  4  5  6  7  8  9 10 |
---------------+-------------------------------+-----
Fighting       | 3 4 5 |  5.0
Long Blades    | 3 4 5 6 7 |  7.8
Slings         | 1 2 3 5 6 7 |  7.1
Shields        | 4 5 6 |  6.6
Armour         | 4 5 6 |  6.6
Stealth        | 1 2 3 4 5 |  5.0
Dodging        | 2 3 |  3.4
Invocations    | 1 3 |  3.0

Action                   |  1- 3 |  4- 6 |  7- 9 | 10-12 || total
-------------------------+-------+-------+-------+-------++-------
Melee: Long sword        |    83 |    56 |   324 |   108 ||   571
       Short sword       |       |       |       |     7 ||     7
 Fire: Hunting sling     |    14 |    50 |   201 |    41 ||   306
Invok: Heroism           |       |       |     2 |     4 ||     6
  Use: Potion            |       |     1 |     4 |     4 ||     9
       Scroll            |       |       |     2 |       ||     2
  Eat: Chunk             |     1 |     3 |    14 |     2 ||    20
       Ration            |       |       |       |     1 ||     1
Armor: Scale mail        |    43 |    30 |   153 |    67 ||   293
Dodge: Dodged            |    37 |    22 |   158 |    63 ||   280
Block: Shield            |    57 |    49 |   218 |    90 ||   414
       Rpst.: Long sword |    15 |     7 |    43 |    17 ||    82

Levels and vault maps discovered:
D:1:      roderic_chinese_lattice_arrival, layout_basic,
          corexii_item_surrounded_by_moat
D:2:      layout_rooms, xom_redecorated
D:3:      gammafunk_steamed_eel, layout_rooms, due_unseen_surprise,
          uniq_sigmund, uniq_ijyb
D:4:      layout_cave_pools, kennysheep_little_box, gammafunk_ghost_stat_death,
          first_ration, minmay_misc_feat_more_columns
D:5:      minmay_octagon_keep, layout_loops_corners, minitemple,
          minmay_temple_entry_statues, serial_park_tiny_pond
D:6:      layout_cave_pools, grunt_temple_overflow_gold_and_silver,
          elyvilon_altar_3
D:7:      layout_cave_pools, gammafunk_temple_overflow_arena,
          hangedman_decor_points
D:8:      layout_rooms, serial_shops, nicolae_shop_behind_doors, special_room
          [special_room_kobold], uniq_prince_ribbit1, uniq_erica
Temple:   regret_index_temple_waves

Table legend:
 A = Turns spent in this place as a percentage of turns spent in the entire game.
 B = Non-inter-level travel turns spent in this place as a percentage of non-inter-level travel turns spent in the entire game.
 C = Inter-level travel turns spent in this place as a percentage of turns spent in this place.
 D = Turns resting spent in this place as a percentage of non-inter-level travel turns spent in this place.
 E = Turns spent auto-exploring this place as a percentage of non-inter-level travel turns spent in this place.
 F = Non-inter-level travel turns spent in this place divided by the number of levels of this place that you've seen.
                   A       B       C       D       E      F
               +-------+-------+-------+-------+-------+----------------------
         Total | 100.0 | 100.0 |   4.8 |  12.0 |  57.8 | 741.8
       Dungeon |  98.0 |  98.7 |   4.1 |  12.1 |  57.5 | 824.0
        Temple |   2.0 |   1.3 |  40.4 |   0.0 |  81.0 |  84.0
               +-------+-------+-------+-------+-------+----------------------

Table legend:
 A = Kills in this place as a percentage of kills in entire the game.
 B = Kills by you in this place as a percentage of kills by you in the entire game.
 C = Kills by friends in this place as a percentage of kills by friends in the entire game.
 D = Other kills in this place as a percentage of other kills in the entire game.
 E = Experience gained in this place as a percentage of experience gained in the entire game.
 F = Experience gained in this place divided by the number of levels of this place that you have seen.
                   A       B       C       D       E      F
               +-------+-------+-------+-------+-------+----------------------
         Total | 100.0 | 100.0 |   N/A | 100.0 | 100.0 | 578.7
       Dungeon | 100.0 | 100.0 |   N/A | 100.0 | 100.0 | 651.0
               +-------+-------+-------+-------+-------+----------------------
